 Dungeon Crawl Stone Soup version 0.28.0-45-g0d030f2227 (webtiles) character file.

Game seed: 4616284833242523202

88 DearestLeader the Grave Robber (level 4, -1/36 HPs)
             Began as a Deep Dwarf Necromancer on Apr 7, 2022.
             Slain by a hound (3 damage)
             ... on level 5 of the Dungeon.
             The game lasted 00:05:44 (2614 turns).

DearestLeader the Grave Robber (DDNe)               Turns: 2614, Time: 00:05:44

Health: -1/36      AC:  2    Str: 14    XL:     4   Next: 30%
Magic:  3/7        EV: 11    Int: 15    God:
Gold:   132        SH:  0    Dex: 15    Spells: 2/7 levels left

rFire   . . .      SeeInvis .   i - +0 short sword
rCold   . . .      Faith    .   (no shield)
rNeg    . . .      Spirit   .   j - +0 ring mail
rPois   .          Reflect  .   (no helmet)
rElec   .          Harm     .   (no cloak)
rCorr   .          Rampage  .   (no gloves)
Will    +....                   (no boots)
Stlth   ++........              (no amulet)
HPRegen 0.00/turn               (no ring)
MPRegen 0.10/turn               (no ring)

@: flying (expiring)
A: damage resistance, heal wounds, sense surroundings 1, no regeneration, agile
1, deformed body, strong-willed 1
a: Heal Wounds


You were on level 5 of the Dungeon.
You visited 1 branch of the dungeon, and saw 5 of its levels.

You collected 132 gold pieces.

Inventory:

Hand Weapons
 e - a +0 flail
 i - a +0 short sword (weapon)
Armour
 a - a +0 robe
 j - a +0 ring mail (worn)
Magical Staves
 m - a staff of poison
Scrolls
 f - a scroll of immolation {unknown}
 g - a scroll of fear {unknown}
 k - 2 scrolls of magic mapping
 o - a scroll of enchant armour {unknown}
 p - a scroll of vulnerability {unknown}
Potions
 d - a potion of brilliance


   Skills:
 - Level 3.0 Dodging
 - Level 3.0 Stealth
 + Level 2.1 Spellcasting
 * Level 5.6 Necromancy


You had 2 spell levels left.
You knew the following spells:

 Your Spells              Type           Power      Damage    Failure   Level
a - Pain                  Necr           72%        1d7       4%          1
b - Animate Skeleton      Necr           36%        N/A       4%          1
c - Vampiric Draining     Necr           18%        2d7       13%         3

Your spell library contained the following spells:

 Spells                   Type           Power      Damage    Failure   Level
 Freeze                   Ice            4%         1d3       41%         1
 Ensorcelled Hibernation  Hex/Ice        2%         N/A       56%         2
 Animate Dead             Necr           9%         N/A       41%         4
 Agony                    Necr           18%        N/A       77%         5
 Frozen Ramparts          Ice            2%         1d2       80%         3
 Spider Form              Tmut/Pois      1%         N/A       80%         3
 Anguish                  Hex/Necr       5%         N/A       80%         4
 Hailstorm                Conj/Ice       1%         3d3       99%         4


Dungeon Overview and Level Annotations

Branches:
Dungeon (5/15)
 Temple: D:4-7

Altars:
Gozag
Okawaru


Innate Abilities, Weirdness & Mutations

You are resistant to damage.
You can heal yourself by infusing magical energy.
You passively map a small area around you.
You do not regenerate.
You are agile. (Dex +2)
Armour fits poorly on your strangely shaped body.
You are strong-willed. (Will+)


Message History

Confirm with . or Enter, or press ? or * to list all spells.
The spell is quite dangerous to miscast (13% risk of failure)!
Continue anyway?
Aiming: Vampiric Draining (quite dangerous; 13% risk of failure)
Press: ? - help, Shift-Dir - straight line, f/p - hound
Aim: a hound (ally target)
You draw life force from the hound!
You feel life coursing into your body. The hound closely misses you.
You barely miss the hound.
The hound is heavily wounded.
The hound barely misses you. The hound bites you but does no damage.
Your orc skeleton hits the hound with a +0 club.
You hit the hound but do no damage.
The hound is almost dead.
The hound barely misses you. x2; Your orc skeleton misses the hound.
You barely miss the hound.
The hound is almost dead.
The hound bites you.
* * * LOW HITPOINT WARNING * * *
Your orc skeleton hits the hound with a +0 club.
You hit the hound but do no damage.
The hound is almost dead.
Your orc skeleton crumbles into dust!
The hound bites you.
* * * LOW HITPOINT WARNING * * *
The hound closely misses you.
You hit the hound but do no damage.
The hound is almost dead.
The hound bites you.
* * * LOW HITPOINT WARNING * * *
The hound bites you.
A scorpion comes into view.
Found a stone staircase leading up.
The hound barely misses you.
Your magical contamination has completely faded away.
The hound barely misses you.
The hound pauses to sniff the ground.
The hound bites you.
* * * LOW HITPOINT WARNING * * *
You are starting to lose your buoyancy.
The hound bites you.
You die...

##**## ######## #.,,.# .......#
#.**.# *** ...###.#
#.#*.##*#***,** ##.# #.#
#..,..,.,,,,,,** ##.###.#
#..#.#.#**,,,,,* ** .......#
#..<.#.###.,,,*****, ##.#####
#..@.......,,,,,,,,, #.#
#..h.......*,******* #.#
#.#.###.###*,* #.### #.#.###.#
**+** #...# #..W....#**,,,**
####.# ###.#####*,,,,,** #.##W#
#######.Z# **,,,,,,,**
...#.####...##...####,,,,,,,,,***
....).....≈.........+,,,,,,,,,+,,


You could see a phantom, a hound and a bullfrog zombie.

Vanquished Creatures
  3 gnolls
  2 adders (D:2)
  A worm (D:2)
  2 orcs (D:5)
  3 ball pythons
  2 endoplasms
  2 giant cockroaches (D:1)
  3 goblins
  5 hobgoblins
  2 jackals (D:4)
  3 kobolds
  A quokka (D:1)
  3 bats
  3 rats (D:1)
35 creatures vanquished.

Vanquished Creatures (collateral kills)
  A jackal (D:4)
1 creature vanquished.

Grand Total: 36 creatures vanquished

Notes
Turn   | Place    | Note
-------+----------+-------------------------------------------
     0 | D:1      | DearestLeader the Deep Dwarf Necromancer began the quest
                  | for the Orb.
     0 | D:1      | Reached XP level 1. HP: 15/15 MP: 3/3
    55 | D:1      | Learned a level 1 spell: Animate Skeleton
   226 | D:1      | Reached XP level 2. HP: 22/22 MP: 0/4
   551 | D:1      | Found an iron altar of Okawaru.
  1046 | D:2      | Reached skill level 5 in Necromancy
  1046 | D:2      | Reached XP level 3. HP: 17/28 MP: 0/6
  1112 | D:2      | Learned a level 3 spell: Vampiric Draining
  1699 | D:2      | Found a faded altar of an unknown god.
  2240 | D:3      | Noticed a centaur
  2267 | D:4      | Reached XP level 4. HP: 20/36 MP: 0/7
  2461 | D:4      | HP: 1/36 [gnoll/+0 halberd (11)]
  2462 | D:5      | Entered Level 5 of the Dungeon
  2556 | D:5      | Noticed an orc warrior
  2559 | D:5      | Noticed a phantom
  2584 | D:5      | Found an opulent altar of Gozag.
  2595 | D:5      | Gained mutation: Armour fits poorly on your strangely
                  | shaped body. [potion of mutation]
  2595 | D:5      | Gained mutation: You are agile. (Dex +2) [potion of
                  | mutation]
  2595 | D:5      | Gained mutation: You are strong-willed. (Will+) [potion of
                  | mutation]
  2607 | D:5      | Noticed a scorpion
  2614 | D:5      | Slain by a hound

Illustrated notes

Levels and vault maps discovered:
D:1:      dpeg_arrival_signposts, layout_basic, kennysheep_flooded_box
D:2:      layout_basic, serial_rivers, chequers_serial_rivers_large_b,
          chequers_serial_rivers_room_b, chequers_serial_rivers_micro_e,
          chequers_serial_rivers_marsh, hellmonk_ecumenical_altar_inner_sanctum
D:3:      layout_loops_ring, grunt_decor_junction, uniq_ijyb
D:4:      layout_loops_corners, temple_green, gammafunk_ghost_mausoleum,
          minmay_ogre_servants, uniq_duvessa
D:5:      layout_loops_corners, mainiacjoe_overflow_tiny_flanked,
          minmay_small_thing

Skill      XL: |  1  2  3 |
---------------+----------+-----
Spellcasting   | 2 |  2.1
Stealth        | 3 |  3.0
Necromancy     | 5 |  5.6
Dodging        | 3 |  3.0

Action                   |  1- 3 |  4- 6 || total
-------------------------+-------+-------++-------
Melee: Short sword       |    27 |     5 ||    32
       Flail             |     3 |       ||     3
 Cast: Pain              |    36 |    14 ||    50
       Vampiric Draining |    10 |     1 ||    11
       Animate Skeleton  |       |     3 ||     3
  Use: Potion            |       |     5 ||     5
       Scroll            |       |     2 ||     2
 Stab: Sleeping          |     1 |       ||     1
Armor: Robe              |     1 |       ||     1
       Ring mail         |    10 |     4 ||    14
Dodge: Dodged            |    42 |    17 ||    59
